 Dungeon Crawl Stone Soup version 0.26.1-11-gd32895ea62 (webtiles) character file.

Game seed: 4229895130422852227

11995 infcreate the Carver (level 12, -2/96 HPs)
             Began as a Human Berserker on May 25, 2021.
             Was a High Priest of Trog.
             Slain by a boulder beetle (9 damage)
             ... on level 13 of the Dungeon.
             The game lasted 00:59:05 (14729 turns).

infcreate the Carver (Human Berserker)             Turns: 14729, Time: 00:59:05

Health: -2/96      AC: 17    Str: 21    XL:     12   Next: 14%
Magic:  12/12      EV: 11    Int:  9    God:    Trog [*****.]
Gold:   760        SH:  0    Dex: 13    Spells: 11/11 levels left

rFire    . . .     SeeInvis .   J - +3 great sword (vorpal)
rCold    . . .     Faith    .   (shield currently unavailable)
rNeg     . . .     Spirit   .   x - +0 plate armour
rPois    +         Reflect  .   (no helmet)
rElec    .         Harm     .   k - +0 cloak
rCorr    .         Rampage  .   (no gloves)
Will     .....                  r - +0 pair of boots {Stlth+}
Stlth    ..........             g - amulet of regeneration
HPRegen  0.66/turn              P - ring of poison resistance
MPRegen  0.13/turn              (no ring)

@: berserk cooldown, slowed, very slow
A: no striking features
a: Renounce Religion, Berserk, Trog's Hand, Brothers in Arms


You were on level 13 of the Dungeon.
You worshipped Trog.
Trog was extremely pleased with you.
You visited 1 branch of the dungeon, and saw 12 of its levels.
You also visited: Sewer.

You collected 760 gold pieces.


   Skills:
 + Level 9.6 Fighting
 + Level 9.6 Long Blades
 + Level 4.5 Crossbows
 + Level 9.3 Armour
 + Level 9.3 Dodging


You had 11 spell levels left.
You didn't know any spells.
Your spell library was empty.

Inventory:

Hand Weapons
 E - a +0 hand crossbow
 J - a +3 vorpal great sword (weapon)
 K - a +1 war axe of flaming
Missiles
 b - 167 bolts
 m - a throwing net {=f}
Armour
 k - a +0 cloak (worn)
 r - a +0 pair of boots of stealth (worn)
 x - a +0 plate armour (worn)
Jewellery
 c - an uncursed ring of ice
 g - an amulet of regeneration (around neck)
 F - an uncursed ring of fire
 P - a ring of poison resistance (left hand)
Wands
 a - a wand of acid (6)
 n - a wand of iceblast (7)
 v - a wand of enslavement (13)
 w - a wand of digging (2)
 G - a wand of random effects (9)
Scrolls
 e - a scroll of enchant armour {unknown}
 f - 10 scrolls of remove curse {@r2}
 h - a scroll of noise {unknown}
 p - 4 scrolls of blinking
 q - 11 scrolls of identify {@r1}
 y - 3 scrolls of fog {unknown}
 z - a scroll of fear
 A - 2 scrolls of brand weapon
 D - 2 scrolls of magic mapping
 H - a scroll of amnesia {unknown}
 L - a scroll of holy word {unknown}
Potions
 i - 3 potions of magic {unknown}
 j - 6 potions of curing {@q1}
 l - 3 potions of heal wounds {@q2}
 o - 3 potions of berserk rage {!q}
 s - 2 potions of attraction {unknown}
 t - 5 potions of haste {unknown}
 u - a potion of ambrosia {unknown}
 B - a potion of brilliance {unknown}
 C - a potion of lignification {unknown}
 I - a potion of mutation {unknown}

Dungeon Overview and Level Annotations

Branches:
Dungeon (11/15)            Temple (0/1) D:6             Orc (0/2) D:10
  Sewer (visited)
   Lair: D:8-11

Altars:
Ashenzari
Cheibriados
Elyvilon
Fedhas
Gozag
Hepliaklqana
Nemelex Xobeh
Okawaru
Qazlal
Ru
Xom
The Shining One
Beogh

Shops:
D:6 =   D:9 [

Portals:
Trove: D:11 (give 2 scrolls of acquirement)

#.......###......
#........###.....
#................
#.......####.....
#####............=...
#..B........###### .
#....>...#########.
#.......##.....<...
#.......##@#####...
#........B.#
#.......####
#..(....# #.......#
#.......# #########


You could see a boulder beetle.


Message History

Use which ability? (? or * to list)
A red film seems to cover your vision as you go berserk!
You feel yourself moving faster!
You feel mighty! The boulder beetle closely misses you.
You hit the boulder beetle but do no damage.
The boulder beetle is severely wounded.
The boulder beetle barely misses you.
You hit the boulder beetle but do no damage.
The boulder beetle is severely wounded.
The boulder beetle leaps!
You are too injured to fight recklessly!
You are too injured to fight recklessly!
Unknown command.
You feel a strong urge to attack something.
You are no longer berserk.
You are exhausted.
You feel yourself slow down. The boulder beetle bites you.
* * * LOW HITPOINT WARNING * * *
The boulder beetle bites you but does no damage.
You hit the boulder beetle but do no damage.
The boulder beetle is severely wounded.
The boulder beetle bites you!
* * * LOW HITPOINT WARNING * * *
The boulder beetle bites you!
* * * LOW HITPOINT WARNING * * *
You hit the boulder beetle.
The boulder beetle is severely wounded.
The boulder beetle bites you!
You die...

Skill      XL: |  1  2  3  4  5  6  7  8  9 10 11 |
---------------+----------------------------------+-----
Armour         | 3 4 5 6 8 9 |  9.3
Dodging        | 3 4 5 6 8 9 |  9.3
Fighting       | 4 5 6 7 8 9 |  9.6
Long Blades    | 4 5 6 7 8 9 |  9.6
Crossbows      | 1 4 |  4.5

Action                   |  1- 3 |  4- 6 |  7- 9 | 10-12 || total
-------------------------+-------+-------+-------+-------++-------
Melee: Falchion          |   117 |   280 |   801 |   274 ||  1472
       Scimitar          |       |       |       |   236 ||   236
       Great sword       |       |       |       |   155 ||   155
       Long sword        |       |       |       |   104 ||   104
Invok: Berserk           |     1 |     5 |     2 |     5 ||    13
       Trog's Hand       |       |       |     1 |     1 ||     2
  Use: Scroll            |     3 |     3 |     2 |     7 ||    15
 Stab: Sleeping          |       |     1 |       |       ||     1
Armor: Animal skin       |    14 |     1 |       |       ||    15
       Leather armour    |       |    21 |       |       ||    21
       Ring mail         |       |    15 |       |       ||    15
       Chain mail        |       |    43 |   297 |       ||   340
       Plate armour      |       |       |   153 |   471 ||   624
Dodge: Dodged            |    59 |   155 |   359 |   377 ||   950
       Rpst.: Falchion   |    21 |    49 |    88 |    35 ||   193
       Scimitar          |       |       |       |    30 ||    30
       Great sword       |       |       |       |    28 ||    28
       Long sword        |       |       |       |     9 ||     9

Levels and vault maps discovered:
D:1:      wander_arrival_chamber, layout_loops_ring, grunt_decor_arrowhead,
          columned_hall_lemuel
D:2:      layout_basic, lemuel_doored_altar, minmay_misc_feat_cross
D:3:      layout_basic, marbit_many_paths
D:4:      layout_basic, grunt_temple_overflow_forces_of_nature
D:5:      layout_gridville, cheibrodos_ashenzari_chains, abandoned_shop,
          uniq_blork_the_orc
D:6:      layout_basic, grunt_temple_overflow_open, minmay_temple_entry_trees,
          serial_shops, kennysheep_mini, cheibrodos_sewer_entry_bend,
          kennysheep_small_spiral, grunt_ministairs_11, uniq_grinder,
          uniq_edmund
D:7:      layout_basic, xom_confusion_cloud
D:8:      layout_loops_cross, minmay_misc_feat_nine_boxes, grunt_qazlal_clouds
D:9:      layout_loops_cross, special_room [special_room_kobold],
          minmay_misc_feat_diagonals, minmay_shop_chei,
          david_defended_altar_orc, uniq_prince_ribbit1, uniq_maurice
D:10:     layout_irregular_city, erik_lair_island,
          kennysheep_orc_monster_closet_entryway, basic_altar, minivault_20
D:11:     minmay_the_grid_four_pointed_star_mashed
          [minmay_the_grid_triangle_9x9_checkered,
          minmay_the_grid_triangle_9x9_zippers_horizontal,
          minmay_the_grid_triangle_9x9_sprig,
          minmay_the_grid_triangle_9x9_warning,
          minmay_the_grid_prize_four_corners], layout_loops_corners,
          basic_altar, enter_trove_0
D:13:     layout_rooms, david_vaults_5, chequers_serial_rivers_marsh

Notes
Turn   | Place    | Note
-------+----------+-------------------------------------------
     0 | D:1      | infcreate the Human Berserker began the quest for the Orb.
     0 | D:1      | Reached XP level 1. HP: 18/18 MP: 1/1
   169 | D:1      | Reached XP level 2. HP: 20/24 MP: 2/2
   313 | D:1      | Reached XP level 3. HP: 18/29 MP: 3/3
   918 | D:1      | Reached ** piety under Trog
  1360 | D:2      | Found a sparkling altar of Nemelex Xobeh.
  1734 | D:1      | Reached XP level 4. HP: 25/35 MP: 4/4
  2643 | D:2      | Reached XP level 5. HP: 33/42 MP: 5/5
  3155 | D:2      | Reached skill level 3 in Armour
  3155 | D:2      | Reached skill level 3 in Dodging
  4270 | D:3      | Reached *** piety under Trog
  4271 | D:3      | Reached skill level 4 in Fighting
  4275 | D:3      | Reached skill level 4 in Long Blades
  4525 | D:2      | Reached XP level 6. HP: 33/48 MP: 6/6
  4966 | D:3      | Found a hazy altar of Hepliaklqana.
  5608 | D:4      | Reached XP level 7. HP: 34/55 MP: 7/7
  6108 | D:4      | Reached skill level 4 in Dodging
  6141 | D:4      | You fall into a shaft and drop 2 floors!
  6176 | D:6      | Reached skill level 4 in Armour
  6219 | D:6      | Found a glowing drain.
  6283 | Sewer    | Entered a sewer
  6374 | Sewer    | Reached **** piety under Trog
  6440 | Sewer    | Reached skill level 5 in Long Blades
  6456 | Sewer    | Reached skill level 5 in Fighting
  6572 | Sewer    | Reached XP level 8. HP: 62/62 MP: 8/8
  6944 | D:5      | Entered Level 5 of the Dungeon
  7294 | D:4      | Reached skill level 5 in Armour
  7294 | D:4      | Reached skill level 5 in Dodging
  7316 | D:4      | Reached ***** piety under Trog
  7356 | D:4      | Found a stormy altar of Qazlal.
  7367 | D:4      | Found a blossoming altar of Fedhas.
  7580 | D:5      | Noticed Blork the orc
  7612 | D:5      | Killed Blork the orc
  7698 | D:5      | Found a broken altar of Ashenzari.
  7748 | D:5      | Received a gift from Trog
  8003 | D:5      | Reached skill level 6 in Fighting
  8003 | D:5      | Reached skill level 6 in Long Blades
  8003 | D:5      | Reached XP level 9. HP: 53/69 MP: 9/9
  8391 | D:6      | Reached skill level 6 in Dodging
  8397 | D:6      | Found a sacrificial altar of Ru.
  8405 | D:6      | Found a white marble altar of Elyvilon.
  8406 | D:6      | Found an opulent altar of Gozag.
  8407 | D:6      | Noticed Edmund
  8458 | D:6      | Killed Edmund
  8459 | D:6      | Reached skill level 6 in Armour
  8461 | D:6      | Found a glowing golden altar of the Shining One.
  8705 | D:6      | Noticed Grinder
  8737 | D:6      | Paralysed by Grinder for 3 turns
  8743 | D:6      | Killed Grinder
  8805 | D:6      | Reached skill level 7 in Fighting
  8880 | D:6      | Found Leczio's Jewellery Boutique.
  8933 | D:6      | Reached skill level 7 in Long Blades
  9127 | D:6      | Found a staircase to the Ecumenical Temple.
  9162 | D:7      | Reached XP level 10. HP: 79/79 MP: 10/10
  9179 | D:7      | Found a shimmering altar of Xom.
  9532 | D:6      | Reached skill level 7 in Dodging
  9541 | D:6      | Reached skill level 7 in Armour
 10765 | D:8      | Found a stormy altar of Qazlal.
 10869 | D:8      | Reached skill level 8 in Fighting
 10942 | D:8      | Reached skill level 8 in Long Blades
 11422 | D:9      | Noticed Prince Ribbit
 11476 | D:9      | Noticed Maurice
 11586 | D:8      | Killed Maurice
 11587 | D:8      | Reached skill level 8 in Dodging
 11723 | D:9      | Killed Prince Ribbit
 11724 | D:9      | Reached skill level 8 in Armour
 11839 | D:9      | Found a roughly hewn altar of Beogh.
 11881 | D:9      | Reached skill level 1 in Crossbows
 11881 | D:9      | Reached XP level 11. HP: 83/87 MP: 11/11
 11930 | D:9      | Noticed a soul eater
 12015 | D:9      | Reached skill level 2 in Crossbows
 12051 | D:9      | Found a snail-covered altar of Cheibriados.
 12053 | D:9      | Found Cheibriados's Comfort Zone.
 12464 | D:10     | Entered Level 10 of the Dungeon
 12724 | D:10     | Found a glowing golden altar of the Shining One.
 12828 | D:10     | Reached skill level 9 in Fighting
 12828 | D:10     | Reached skill level 3 in Crossbows
 12907 | D:10     | Received a gift from Trog
 12932 | D:10     | Found a staircase to the Orcish Mines.
 12962 | D:9      | Reached skill level 9 in Long Blades
 14109 | D:11     | Found an iron altar of Okawaru.
 14125 | D:11     | Noticed an eight-headed hydra
 14139 | D:11     | Reached skill level 9 in Dodging
 14139 | D:11     | Noticed a boulder beetle
 14150 | D:11     | Reached skill level 9 in Armour
 14435 | D:11     | Killed an unseen horror
 14436 | D:11     | Reached skill level 4 in Crossbows
 14494 | D:11     | Reached XP level 12. HP: 92/96 MP: 12/12
 14495 | D:11     | Noticed a tengu warrior
 14509 | D:11     | Killed a tengu warrior
 14653 | D:11     | Found a portal to a secret trove of treasure.
 14654 | D:11     | You fall into a shaft and drop 2 floors!
 14706 | D:13     | Noticed a boulder beetle
 14728 | D:13     | HP: 5/96 [boulder beetle (15)]
 14729 | D:13     | Slain by a boulder beetle

Vanquished Creatures
  A tengu warrior (D:11)
  An unseen horror (D:11)
  Maurice (D:8)
  A kobold demonologist (D:9)
  4 trolls
  Grinder (D:6)
  Prince Ribbit (D:9)
  A yak (D:11)
  A wraith (D:10)
  A wyvern (D:8)
  Edmund (D:6)
  A soldier ant (D:9)
  4 water moccasins
  4 ice beasts
  2 black bears
  8 orc warriors
  3 wolves (D:10)
  A sky beast (D:8)
  2 necrophages
  12 ogres
  6 centaurs
  13 big kobolds
  Blork the orc (D:5)
  10 bullfrogs
  A gnoll sergeant (D:10)
  A wyvern zombie (D:7)
  A water moccasin zombie (D:5)
  8 scorpions
  6 killer bees
  4 wights (D:11)
  A centaur zombie (D:6)
  A bullfrog zombie (D:10)
  8 orc priests
  6 hounds
  2 jellies
  11 orc wizards
  2 centaur skeletons
  2 iguanas
  6 worker ants
  A hound skeleton (D:11)
  17 gnolls
  17 adders
  2 shadow imps
  2 white imps
  14 oozes
  An adder zombie (D:6)
  An adder skeleton (D:4)
  7 worms
  5 dart slugs
  15 leopard geckos
  40 orcs
  11 ball pythons
  17 giant cockroaches
  9 goblins
  10 hobgoblins
  9 jackals
  28 kobolds
  A quokka (D:2)
  6 bats
  21 frilled lizards
  2 jackal skeletons
  A leopard gecko skeleton (D:4)
  A leopard gecko zombie (D:5)
  5 rats (D:1)
384 creatures vanquished.

Vanquished Creatures (others)
  A scorpion (D:7)
  A giant cockroach (D:7)
  A fungus (D:4)
  2 plants (D:4)
5 creatures vanquished.

Grand Total: 389 creatures vanquished

Table legend: (Time is in decaauts)
 A = Elapsed time spent in this place.
 B = Non-inter-level travel time spent in this place.
 C = Inter-level travel time spent in this place.
 D = Time resting spent in this place.
 E = Time spent auto-exploring this place.
 F = Levels seen in this place.
 G = Mean time per level.
                   A        B        C        D        E       F      G
               +--------+--------+--------+--------+--------+-----+--------+
         Total |  15008 |  13356 |   1652 |   4019 |      0 |  13 | 1154.5 |
       Dungeon |  14297 |  12645 |   1652 |   3904 |      0 |  12 | 1191.4 |
         Sewer |    711 |    711 |      0 |    114 |      0 |   1 |  711.0 |
               +--------+--------+--------+--------+--------+-----+--------+

Top non-repeatable levels by time:
     D:2: 2283 daAuts
     D:3: 1843 daAuts
     D:1: 1501 daAuts
    D:10: 1486 daAuts
     D:6: 1432 daAuts
     D:9: 1171 daAuts
     D:4: 1088 daAuts
     D:7: 1036 daAuts
     D:8: 945 daAuts
     D:5: 824 daAuts
   Sewer: 711 daAuts
    D:11: 603 daAuts
    D:13: 80 daAuts

Table legend:
 A = Non-vault XP
 B = Vault XP
 C = Vault XP percentage of total XP
 D = Non-vault monster count
 E = Vault monster count
 F = Vault count percentage of total count
                 A         B        C        D         E       F
            +---------+---------+-------+---------+---------+-------
      Total |    9864 |    7273 |  42.4 |     259 |     125 |  32.6
            +---------+---------+-------+---------+---------+-------
        D:1 |      65 |       0 |   0.0 |      31 |       0 |   0.0
        D:2 |     199 |       0 |   0.0 |      32 |       0 |   0.0
        D:3 |     234 |       7 |   2.9 |      39 |       1 |   2.5
        D:4 |     344 |       0 |   0.0 |      16 |       0 |   0.0
        D:5 |     657 |      90 |  12.0 |      19 |       1 |   5.0
        D:6 |    1750 |     568 |  24.5 |      36 |       5 |  12.2
        D:7 |     974 |      40 |   3.9 |      20 |       2 |   9.1
        D:8 |    1368 |     520 |  27.5 |      26 |       1 |   3.7
        D:9 |     437 |    1603 |  78.6 |       5 |      19 |  79.2
       D:10 |    1613 |    2649 |  62.2 |      19 |      27 |  58.7
       D:11 |    1690 |    1351 |  44.4 |      13 |       5 |  27.8
       D:13 |     533 |       0 |   0.0 |       3 |       0 |   0.0
      Sewer |       0 |     445 | 100.0 |       0 |      64 | 100.0
            +---------+---------+-------+---------+---------+-------
